 Dungeon Crawl Stone Soup version 0.24.0-125-gc4c63601f3 (webtiles) character file.

Game seed: 16001938896352591112, levelgen mode: deterministic

958 Curus the Cleaver (level 8, -6/64 HPs)
             Began as a Hill Orc Abyssal Knight on Feb 21, 2020.
             Was a Believer of Lugonu.
             Mangled by an ogre
             ... wielding a +0 giant club
              (15 damage)
             ... on level 4 of the Dungeon.
             The game lasted 00:18:04 (4985 turns).

Curus the Cleaver (Hill Orc Abyssal Knight)         Turns: 4985, Time: 00:18:05

Health: -6/64      AC:  9    Str: 15    XL:     8   Next: 14%
Magic:  14/14      EV:  6    Int: 12    God:    Lugonu [**....]
Gold:   274        SH:  0    Dex: 12    Spells: 7/7 levels left

rFire    . . .     SeeInvis .   a - +3 hand axe
rCold    . . .     Gourm    .   (no shield)
rNeg     . . .     Faith    .   n - +0 chain mail
rPois    .         Spirit   .   (no helmet)
rElec    .         Reflect  .   (no cloak)
rCorr    .         Harm     .   (no gloves)
MR       .....                  j - +0 pair of boots
Stlth    ..........             (no amulet)
HPRegen  0.20/turn              (no ring)
MPRegen  0.14/turn              (no ring)

@: no status effects
A: no striking features
a: Depart the Abyss, Bend Space, Renounce Religion


You were on level 4 of the Dungeon.
You worshipped Lugonu.
Lugonu was pleased with you.
You were not hungry.

You visited 1 branch of the dungeon, and saw 5 of its levels.
You visited the Abyss 1 time.

You collected 274 gold pieces.

Inventory:

Hand Weapons
 a - a +3 hand axe (weapon)
Armour
 b - a +1 leather armour
 f - a +0 ring mail
 j - a +0 pair of boots (worn)
 k - a +0 scale mail
 n - a +0 chain mail (worn)
Wands
 h - a wand of polymorph (7)
 i - a wand of random effects (20)
Scrolls
 e - 3 scrolls of teleportation
 g - 2 scrolls of identify
 m - 2 scrolls of blinking
Comestibles
 c - 7 rations


   Skills:
 - Level 3.6 Fighting
 + Level 8.8 Axes
 - Level 2.1 Armour
 - Level 0.7 Dodging
 + Level 8.7 Invocations


You had 7 spell levels left.
You didn't know any spells.
Your spell library was empty.

Dungeon Overview and Level Annotations

Branches:
Dungeon (5/15)             Temple (0/1) D:5

Altars:
Trog

Annotations:
D:3 Edmund


Message History

You hit the ogre.
The ogre is lightly wounded.
The ogre hits you with a +0 giant club!
* * * LOW HITPOINT WARNING * * *
You hit the ogre.
The ogre is moderately wounded.
You hit the ogre.
The ogre is heavily wounded.
The ogre closely misses you.
You hit the ogre.
The ogre is heavily wounded.
The ogre barely misses you.
Your chain mail prevents you from hitting the ogre.
The ogre is heavily wounded.
You slash the ogre!
The ogre is severely wounded.
The ogre hits you with a +0 giant club!!
* * * LOW HITPOINT WARNING * * *
You feel better. The ogre hits you with a +0 giant club!
You die...

#.#.#.#.#.#.#.#.#.# #.##.# #
.#.#.#.#.#.#.#.#.## #.##.# #
#.#.#.#.#.#.#.#.#.# #.##.# #
.#.#.#.#.#.#.#.#.## #.##.# #
#.#.#.#.#.#.#.#.#.# #.##.# #
.#.#.#.#.#.#.#.#.####.##.# #
#.#.#.#.#.#.#.#.#........########
.#.#.#.#.#.#.#.#.####.#..........
#.#.#.#.#.#.#.#O@.# #.#........<#
.#.#.#.#.#.#.#.#.## #.###########
#.#.#.#.#.#.#.#.#.# #...........#
.#.#.#.#.#.#.#.#.## #..########.#
#.#.#.#.#.#.#.#.#.###..# #.#
.#.#.#.#.#.#.#.#.#.....# #.#
#.#.#.#.#.#.#.#.#....#.########.#
##########.#.................##.#
#........#.#######.........##.#


You could see an ogre.

Vanquished Creatures
  Sigmund (D:2)
  Purgy (D:4)
  A phantom (D:4)
  An ice beast (D:5)
  An ogre (D:5)
  2 howler monkeys (D:4)
  A hound (D:4)
  A gnoll shaman (D:5)
  2 orc wizards (D:3)
  2 worker ants (D:5)
  A killer bee zombie (D:5)
  A hound skeleton (D:4)
  6 adders
  3 shadow imps (D:5)
  2 oozes
  An adder skeleton (D:4)
  5 worms
  A dart slug (D:2)
  3 leopard geckos
  6 orcs
  7 bats
  4 giant cockroaches
  4 hobgoblins
  6 jackals (D:5)
  2 quokkas
  A frilled lizard (D:3)
  5 goblins
  A quokka skeleton (D:5)
  2 rats (D:3)
74 creatures vanquished.

Notes
Turn   | Place    | Note
-------+----------+-------------------------------------------
     0 | Abyss:1  | Curus the Hill Orc Abyssal Knight began the quest for the
                  | Orb.
     0 | Abyss:1  | Reached XP level 1. HP: 19/19 MP: 2/2
     9 | D:1      | Escaped the Abyss
   355 | D:1      | Reached XP level 2. HP: 25/26 MP: 2/4
   867 | D:2      | Reached XP level 3. HP: 31/31 MP: 5/5
  1136 | D:2      | Reached XP level 4. HP: 22/39 MP: 7/7
  1366 | D:2      | Noticed Sigmund
  1399 | D:2      | Killed Sigmund
  1399 | D:2      | Reached skill level 5 in Axes
  1399 | D:2      | Reached skill level 5 in Invocations
  1399 | D:2      | Reached XP level 5. HP: 25/45 MP: 7/9
  1399 | D:2      | Reached XP level 6. HP: 29/51 MP: 7/10
  1615 | D:2      | Found a bloodstained altar of Trog.
  2169 | D:3      | Reached ** piety under Lugonu
  2834 | D:4      | Noticed Purgy
  2856 | D:4      | Killed Purgy
  3095 | D:4      | Noticed Edmund
  3657 | D:4      | Noticed a phantom
  3664 | D:4      | Reached XP level 7. HP: 56/57 MP: 12/12
  4209 | D:5      | Entered Level 5 of the Dungeon
  4284 | D:5      | Found a staircase to the Ecumenical Temple.
  4661 | D:5      | Reached XP level 8. HP: 14/64 MP: 14/14
  4984 | D:4      | HP: 1/64 [ogre/+0 giant club (19)]
  4985 | D:4      | Mangled by an ogre

Levels and vault maps discovered:
D:1:      saegor_arrival_simple_e, layout_loops_cross, glass_columns_b,
          minmay_misc_feat_five, moated_statue
D:2:      layout_loops_ring, lemuel_coloured_pillars_altar,
          minmay_misc_feat_pillars, minmay_misc_feat_iff, uniq_sigmund
D:3:      layout_loops_corners
D:4:      layout_basic, uniq_edmund, uniq_purgy
D:5:      layout_loops_ring, minmay_temple_entry_glassed_door, first_ration

Skill      XL: |  1  2  3  4  5  6  7 |
---------------+----------------------+-----
Axes           | 3 4 5 7 8 |  8.8
Invocations    | 3 4 5 6 8 |  8.7
Fighting       | |  3.6
Armour         | |  2.1
Dodging        | |  0.7

Action                   |  1- 3 |  4- 6 |  7- 9 || total
-------------------------+-------+-------+-------++-------
Melee: Hand axe          |    72 |   139 |   200 ||   411
       Unarmed           |       |    18 |       ||    18
Evoke: Wand              |       |     2 |       ||     2
  Use: Potion            |     4 |     6 |     1 ||    11
       Scroll            |     3 |     2 |     2 ||     7
 Stab: Confused          |       |     1 |       ||     1
  Eat: Chunk             |     1 |     5 |     4 ||    10
       Ration            |       |     1 |       ||     1
Armor: Ring mail         |    25 |    32 |       ||    57
       Scale mail        |       |    27 |    17 ||    44
       Chain mail        |       |       |    63 ||    63
Dodge: Dodged            |    30 |    83 |    51 ||   164
